 Dungeon Crawl Stone Soup version 0.26-a0-524-g073066f631 (webtiles) character file.

Game seed: 1493254737207103496

1082 ANON1729 the Insei (level 8, 0/58 HPs)
             Began as a Demonspawn Transmuter on Aug 13, 2020.
             Was an Initiate of Ru.
             Slain by Maggie
             ... wielding a +0 halberd of flaming
              (12 damage)
             ... on level 6 of the Dungeon.
             The game lasted 00:19:04 (10298 turns).

ANON1729 the Insei (Demonspawn Transmuter)         Turns: 10298, Time: 00:19:05

Health: 0/58       AC:  5    Str: 11    XL:     8   Next: 8%
Magic:  12/13      EV: 13    Int: 16    God:    Ru [......]
Gold:   193        SH:  0    Dex: 14    Spells: 4/14 levels left

rFire    . . .     SeeInvis .     - Unarmed
rCold    + . .     Faith    .   (no shield)
rNeg     . . .     Spirit   .   a - +0 robe
rPois    .         Reflect  .   (no helmet)
rElec    .         Harm     .   (no cloak)
rCorr    .                      (no gloves)
MR       .....                  (no boots)
Stlth    +.........             (no amulet)
HPRegen  0.19/turn              o - ring of protection from cold
MPRegen  0.13/turn              (no ring)

@: mesmerised, drained
A: hooves 1, thin metallic scales 2
a: Renounce Religion


You were on level 6 of the Dungeon.
You worshipped Ru.
Ru was noncommittal.
You visited 2 branches of the dungeon, and saw 7 of its levels.

You collected 193 gold pieces.

Inventory:

Armour
 a - a +0 robe (worn)
Jewellery
 g - an uncursed amulet of faith
 o - a ring of protection from cold (left hand)
 p - a +6 ring of strength {unknown}
Wands
 j - a wand of polymorph (5)
Scrolls
 c - 5 scrolls of teleportation
 d - 3 scrolls of fear
 e - 2 scrolls of blinking
 h - a scroll of remove curse
 n - a scroll of amnesia {unknown}
 q - a scroll of magic mapping {unknown}
 s - a scroll of silence {unknown}
Potions
 b - a potion of heal wounds
 f - 5 potions of curing
 i - 5 potions of stabbing
 k - 2 potions of brilliance
 l - 2 potions of lignification
 m - a potion of cancellation {unknown}
 r - a potion of flight {unknown}


   Skills:
 + Level 3.2(2.2) Fighting
 + Level 3.5(2.5) Dodging
 * Level 5.1(4.0) Unarmed Combat
 + Level 3.6(2.6) Spellcasting
 * Level 4.4(3.3) Transmutations
 + Level 1.8(0.9) Ice Magic
 + Level 2.1(1.1) Poison Magic


You had 4 spell levels left.
You knew the following spells:

 Your Spells              Type           Power        Failure   Level
a - Beastly Appendage     Tmut           ##....       4%          1
b - Wereblood             Tmut           ##......     8%          2
c - Spider Form           Tmut/Pois      #.........   22%         3
d - Ice Form              Ice/Tmut       #.......     63%         4

Your spell library contained the following spells:

 Spells                   Type           Power        Failure   Level
 Passwall                 Tmut/Erth      #.......     14%         2
 Sandblast                Erth           #.....       21%         1
 Stone Arrow              Conj/Erth      #.....       52%         3
 Petrify                  Tmut/Erth      #.......     67%         4
 Blade Hands              Tmut           ##........   80%         5
 Lee's Rapid Deconstruct  Erth           #.........   99%         5


Dungeon Overview and Level Annotations

Branches:
Dungeon (6/15)             Temple (1/1) D:6

Altars:
Ashenzari
Cheibriados
Dithmenos
Elyvilon
Fedhas
Gozag
Hepliaklqana
Kikubaaqudgha
Makhleb
Nemelex Xobeh
Okawaru
Qazlal
Ru
Sif Muna
Trog
Uskayaw
Vehumet
Wu Jian
Xom
Yredelemnul
Zin

Shops:
D:3 *

Annotations:
D:6 Maggie


Innate Abilities, Weirdness & Mutations

You have large cloven feet.
You are mostly covered in thin metallic scales. (AC +3)


Message History

Maggie misses you.
You hit Maggie.
Maggie looks as sick as possible!
Maggie is almost dead.
Your transformation has ended.
Your +0 robe unmelds from your body.
Maggie hits you with a +0 halberd of flaming.
* * * LOW HITPOINT WARNING * * *
Maggie burns you.
* * * LOW HITPOINT WARNING * * *
Evoke which item? (* to show all) (? for menu, Esc to quit)
Okay, then.
You closely miss Maggie. Your kick misses Maggie.
Maggie is almost dead.
Maggie closely misses you.
You hit Maggie but do no damage.
Maggie is almost dead.
You closely miss Maggie.
Maggie is almost dead.
Maggie hits you with a +0 halberd of flaming!
You die...

...........#
#........#
#.....####
#.....#
#.....#
#.....#
#.....#
##@#### #@#
#.#####.###
#..........
#†#####.###
##.### .#
#....###.###
..
#....#.....#
...
#....#.....#
#.#
#....#.....#
#..


You could see Maggie (mesmerising, extremely poisoned).

Vanquished Creatures
  A bullfrog (D:5)
  2 scorpions
  2 wights
  A howler monkey (D:6)
  A hound (D:5)
  2 bullfrog skeletons
  4 orc priests
  An iguana (D:6)
  Natasha (thrice) (D:4)
  5 orc wizards
  4 worker ants
  Robin (D:3)
  A howler monkey skeleton (D:5)
  9 adders
  7 worms
  A dart slug (D:5)
  6 leopard geckos
  20 orcs
  7 giant cockroaches
  17 goblins
  7 hobgoblins
  3 jackals
  8 kobolds
  4 quokkas
  6 ball pythons
  4 bats
  10 frilled lizards
  A leopard gecko skeleton (D:4)
  10 rats
  A plant (D:5)
149 creatures vanquished.

Vanquished Creatures (others)
  2 plants (D:5)
2 creatures vanquished.

Grand Total: 151 creatures vanquished

Notes
Turn   | Place    | Note
-------+----------+-------------------------------------------
     0 | D:1      | ANON1729 the Demonspawn Transmuter began the quest for the
                  | Orb.
     0 | D:1      | Reached XP level 1. HP: 15/15 MP: 3/3
   664 | D:1      | Gained mutation: You are partially covered in thin metallic
                  | scales. (AC +2) [demonic ancestry]
   664 | D:1      | Reached XP level 2. HP: 16/21 MP: 3/5
   865 | D:1      | Learned a level 2 spell: Wereblood
  1114 | D:1      | Found a shattered altar of Ashenzari.
  1161 | D:1      | Reached skill level 3 in Unarmed Combat
  1266 | D:1      | Reached XP level 3. HP: 12/26 MP: 6/6
  2138 | D:2      | Gained mutation: You are mostly covered in thin metallic
                  | scales. (AC +3) [demonic ancestry]
  2138 | D:2      | Reached XP level 4. HP: 21/33 MP: 7/7
  3361 | D:3      | Found Gozag's Platinum Reserve.
  3361 | D:3      | Found an opulent altar of Gozag.
  3399 | D:3      | Learned a level 3 spell: Spider Form
  4096 | D:3      | Reached XP level 5. HP: 38/38 MP: 9/9
  5667 | D:4      | Found a snail-covered altar of Cheibriados.
  5682 | D:4      | Reached XP level 6. HP: 27/45 MP: 10/10
  5892 | D:4      | Reached skill level 4 in Unarmed Combat
  5983 | D:3      | Learned a level 4 spell: Ice Form
  6071 | D:4      | Noticed Natasha
  6202 | D:4      | Killed Natasha
  6227 | D:4      | Noticed Robin
  6233 | D:4      | Noticed Natasha
  6399 | D:3      | Killed Robin
  6612 | D:4      | Killed Natasha
  7292 | D:4      | Noticed Natasha
  7302 | D:4      | Killed Natasha
  7513 | D:5      | Entered Level 5 of the Dungeon
  7519 | D:5      | Reached skill level 1 in Poison Magic
  7519 | D:5      | Lost mutation: You have razor-sharp toenails. [demonic
                  | ancestry]
  7519 | D:5      | Lost mutation: You have sharp toenails. [demonic ancestry]
  7519 | D:5      | Gained mutation: You have large cloven feet. [demonic
                  | ancestry]
  7519 | D:5      | Reached XP level 7. HP: 49/51 MP: 9/11
  7896 | D:5      | Reached skill level 1 in Ice Magic
  8377 | D:5      | Found a shadowy altar of Dithmenos.
  9003 | D:6      | Found a staircase to the Ecumenical Temple.
  9025 | Temple   | Entered the Ecumenical Temple
  9270 | Temple   | Became a worshipper of Ru the Awakened
  9836 | D:5      | Reached skill level 5 in Unarmed Combat
 10101 | D:6      | Reached XP level 8. HP: 58/58 MP: 9/13
 10266 | D:6      | Noticed Maggie
 10298 | D:6      | Slain by Maggie

Illustrated notes

Levels and vault maps discovered:
D:1:      co_arrival_square_in_a_square_in_a_square, layout_loops_ring,
          evilmike_ruin_ashenzari
D:2:      layout_basic, kennysheep_cluttered_room, kennysheep_generic_room_13
D:3:      layout_loops_corners, st_stairs_10, nicolae_gozag_zags_fifth_avenue
D:4:      layout_loops_ring, cheibriados_altar_1, uniq_natasha, uniq_robin
D:5:      layout_basic, serial_bayou_lagoon_a, grunt_ministairs_8,
          grunt_dithmenos_smoke
D:6:      layout_basic, minmay_temple_entry_glassed_door, serial_shops, shop,
          uniq_maggie, uniq_duvessa
Temple:   nicolae_temple_the_god_donut

Skill      XL: |  1  2  3  4  5  6  7 |
---------------+----------------------+-----
Dodging        | 2 3 |  3.5
Transmutations | 2 3 4 |  4.4
Unarmed Combat | 3 4 5 |  5.1
Fighting       | 2 3 |  3.2
Spellcasting   | 3 |  3.6
Poison Magic   | 1 2 |  2.1
Ice Magic      | 1 |  1.8

Action                   |  1- 3 |  4- 6 |  7- 9 || total
-------------------------+-------+-------+-------++-------
Melee: Unarmed           |   140 |   341 |   188 ||   669
       Kick              |    15 |    62 |    24 ||   101
       Headbutt          |    12 |    43 |    13 ||    68
       Punch             |     1 |     4 |       ||     5
 Cast: Beastly Appendage |    20 |    44 |    10 ||    74
       Spider Form       |       |     1 |     9 ||    10
       Ice Form          |       |       |     2 ||     2
Evoke: Wand              |       |       |     1 ||     1
  Use: Potion            |       |     1 |     1 ||     2
       Scroll            |       |     5 |     3 ||     8
 Stab: Sleeping          |     1 |     4 |       ||     5
Armor: Robe              |    35 |    63 |    22 ||   120
       Skin              |       |     1 |     5 ||     6
Dodge: Dodged            |    90 |   205 |    98 ||   393

Table legend: (Time is in decaauts)
 A = Elapsed time spent in this place.
 B = Non-inter-level travel time spent in this place.
 C = Inter-level travel time spent in this place.
 D = Time resting spent in this place.
 E = Time spent auto-exploring this place.
 F = Levels seen in this place.
 G = Mean time per level.
                   A        B        C        D        E       F      G
               +--------+--------+--------+--------+--------+-----+--------+
         Total |  10305 |  10026 |    279 |   5576 |   2865 |   7 | 1472.1 |
       Dungeon |  10039 |   9788 |    251 |   5576 |   2637 |   6 | 1673.2 |
        Temple |    265 |    237 |     28 |      0 |    228 |   1 |  265.0 |
               +--------+--------+--------+--------+--------+-----+--------+

Top non-repeatable levels by time:
     D:3: 3134 daAuts
     D:2: 2048 daAuts
     D:5: 1924 daAuts
     D:1: 1469 daAuts
     D:4: 866 daAuts
     D:6: 595 daAuts
  Temple: 265 daAuts
